 Dungeon Crawl Stone Soup version 0.28.0 (webtiles) character file.

Game seed: 1130552688618906048

427 HallandMoats the Ruffian (level 6, -8/56 HPs)
             Began as a Ghoul Monk on Feb 7, 2022.
             Was a Priest of Okawaru.
             Mangled by Eustachio (10 damage)
             ... on level 3 of the Dungeon.
             The game lasted 00:04:11 (3503 turns).

HallandMoats the Ruffian (Ghoul Monk)               Turns: 3503, Time: 00:04:12

Health: -8/56      AC: 11    Str: 17    XL:     6   Next: 97%
Magic:  3/5        EV: 10    Int:  5    God:    Okawaru [***...]
Gold:   136        SH:  0    Dex: 11    Spells: 5/5 levels left

rFire   . . .      SeeInvis .     - Unarmed
rCold   + . .      Faith    .   (no shield)
rNeg    + + +      Spirit   .   h - +1 chain mail {rPois}
rPois   ∞          Reflect  .   (no helmet)
rElec   .          Harm     .   (no cloak)
rCorr   .          Rampage  .   (no gloves)
Will    .....                   (no boots)
Stlth   +.........              (no amulet)
HPRegen 0.00/turn               (no ring)
MPRegen 0.09/turn               (no ring)

@: heroic, inhibited regen
A: claws 1, cold resistance 1, negative energy resistance 3, inhibited
regeneration, torment resistance 2
a: Renounce Religion, Heroism


You were on level 3 of the Dungeon.
You worshipped Okawaru.
Okawaru was most pleased with you.
You visited 1 branch of the dungeon, and saw 4 of its levels.

You collected 136 gold pieces.

Inventory:

Hand Weapons
 b - a +2 vampiric scythe
Armour
 h - a +1 chain mail of poison resistance (worn)
Wands
 a - a wand of paralysis (11)
Scrolls
 c - a scroll of immolation
 d - a scroll of enchant weapon
 f - a scroll of enchant armour {unknown}
 j - a scroll of vulnerability {unknown}
 k - a scroll of blinking
 l - 2 scrolls of silence {unknown}
 m - a scroll of torment {unknown}
 n - a scroll of teleportation {unknown}
Potions
 e - 5 potions of brilliance {unknown}
 g - 2 potions of curing {unknown}
 i - a potion of cancellation {unknown}


   Skills:
 + Level 5.0(10.0) Fighting
 + Level 2.3(7.3) Armour
 + Level 4.1(9.1) Dodging
 - Level 3.0(8.0) Stealth
 + Level 5.0(10.0) Unarmed Combat


You had 5 spell levels left.
You didn't know any spells.
Your spell library contained the following spells:

 Spells                   Type           Power      Damage    Failure   Level
 Ignite Poison            Fire/Tmut/Pois 0%         N/A       100%        3
 Mephitic Cloud           Conj/Pois/Air  0%         N/A       100%        3
 Freezing Cloud           Conj/Ice/Air   0%         6-21      100%        5


Dungeon Overview and Level Annotations

Branches:
Dungeon (4/15)             Temple (0/1) D:4

Altars:
Makhleb
Okawaru
Yredelemnul

Shops:
D:1 *

Annotations:
D:3 Eustachio


Innate Abilities, Weirdness & Mutations

You thrive by killing the living.
You are immune to poison.
You have sharp fingernails.
Your flesh is cold resistant. (rC+)
You are immune to negative energy. (rN+++)
You do not regenerate when monsters are visible.
You are immune to unholy pain and torment.


Message History

The bat hits you but does no damage. The bat barely misses you.
You swing at nothing.
The bat hits you but does no damage.
You swing at nothing.
The bat hits you but does no damage. x2
You scratch the bat but do no damage. The bat hits you but does no damage. x3
You claw the bat!
You kill the bat!
The bat's corpse disappears in a puff of smoke!
You swing at nothing.
Eustachio casts a spell.
Eustachio blinks!
You swing at nothing.
You swing at nothing.
You start resting.
Eustachio is nearby!
Eustachio hits you with a +3 vorpal falchion!
* * * LOW HITPOINT WARNING * * *
You gain the combat prowess of a mighty hero.
Eustachio gestures wildly while chanting.
Eustachio blinks!
Unknown command.
Eustachio hits you but does no damage.
You scratch Eustachio but do no damage.
Eustachio is lightly wounded.
You completely miss Eustachio. You claw Eustachio!
Eustachio is heavily wounded.
Eustachio hits you with a +3 vorpal falchion.
* * * LOW HITPOINT WARNING * * *
x2 You claw Eustachio!
Eustachio is almost dead.
Eustachio hits you with a +3 vorpal falchion.
* * * LOW HITPOINT WARNING * * *
x2 You scratch Eustachio.
Eustachio is almost dead.
Eustachio hits you with a +3 vorpal falchion.
* * * LOW HITPOINT WARNING * * *
x2 You closely miss Eustachio.
Your claw misses Eustachio.
Eustachio is almost dead.
Eustachio hits you with a +3 vorpal falchion!
You die...

#.# #.#
#.##############
#..............#
#.##########.###
#.# #.# #.# #.#
#.# #@# ### #@#
################.#
.................#
##################


You could see Eustachio.

Vanquished Creatures
  Sigmund (D:4)
  Pargi (D:3)
  Blork the orc (D:4)
  4 adders
  2 worms
  An orc (D:3)
  2 ball pythons (D:4)
  4 bats
  6 endoplasms
  3 giant cockroaches
  8 goblins
  5 hobgoblins
  7 jackals
  6 kobolds
  4 frilled lizards
  3 rats
58 creatures vanquished.

Notes
Turn   | Place    | Note
-------+----------+-------------------------------------------
     0 | D:1      | HallandMoats the Ghoul Monk began the quest for the Orb.
     0 | D:1      | Reached XP level 1. HP: 19/19 MP: 0/0
    81 | D:1      | Reached XP level 2. HP: 24/26 MP: 1/1
   589 | D:1      | Found Gonteser's Assorted Antiques.
   734 | D:1      | Reached XP level 3. HP: 31/31 MP: 2/2
  1402 | D:2      | Found an iron altar of Okawaru.
  1430 | D:2      | Became a worshipper of Warmaster Okawaru
  1430 | D:2      | Reached * piety under Okawaru
  1430 | D:2      | Reached ** piety under Okawaru
  1533 | D:2      | Reached XP level 4. HP: 40/40 MP: 3/3
  2256 | D:3      | Noticed Pargi
  2257 | D:3      | Found a faded altar of an unknown god.
  2293 | D:3      | Killed Pargi
  2294 | D:3      | Reached skill level 1 in Armour
  2294 | D:3      | Reached XP level 5. HP: 22/47 MP: 4/4
  2474 | D:3      | Found a burning altar of Makhleb.
  2529 | D:3      | Found a basalt altar of Yredelemnul.
  2847 | D:4      | Found a staircase to the Ecumenical Temple.
  2854 | D:4      | Noticed Blork the orc
  2869 | D:4      | Killed Blork the orc
  2870 | D:4      | Reached XP level 6. HP: 18/53 MP: 5/5
  3116 | D:4      | Found an iron altar of Okawaru.
  3177 | D:4      | Noticed Sigmund
  3189 | D:4      | Killed Sigmund
  3189 | D:4      | Reached *** piety under Okawaru
  3190 | D:4      | Reached skill level 5 in Fighting
  3190 | D:4      | Reached skill level 5 in Unarmed Combat
  3394 | D:4      | Noticed Eustachio
  3502 | D:3      | HP: 2/56 [Eustachio (2)]
  3503 | D:3      | Mangled by Eustachio

Illustrated notes

Levels and vault maps discovered:
D:1:      saegor_arrival_simple_b, layout_loops_ring, serial_shops,
          nicolae_square_shop
D:2:      layout_basic, basic_altar, minmay_tiny_reverse_x
D:3:      layout_basic, mainiacjoe_overflow_alcove_2, old_standard_altar,
          ebering_ecumenical_altar_ruins, minmay_misc_feat_enclosed, uniq_pargi
D:4:      layout_basic, kennysheep_okawaru_gauntlet,
          minmay_temple_entry_glassed_door, gup_sewer_entry_bowl,
          mrwooster_statue_mirror, kennysheep_generic_room_2, uniq_eustachio,
          uniq_sigmund, uniq_grinder, uniq_blork_the_orc

Skill      XL: |  1  2  3  4  5  6 |
---------------+-------------------+-----
Dodging        | 3 4 |  4.1
Stealth        | 3 |  3.0
Fighting       | 4 5 |  5.0
Unarmed Combat | 4 5 |  5.0
Armour         | 1 2 |  2.3

Action                   |  1- 3 |  4- 6 || total
-------------------------+-------+-------++-------
Melee: Unarmed           |   103 |   149 ||   252
       Punch             |     7 |     3 ||    10
Invok: Heroism           |       |     1 ||     1
  Use: Scroll            |       |     4 ||     4
 Stab: Sleeping          |     1 |       ||     1
Armor: Robe              |     9 |       ||     9
       Chain mail        |    35 |   105 ||   140
Dodge: Dodged            |    52 |    87 ||   139
